 Dungeon Crawl Stone Soup version 0.31-a0-703-gcfe89afef6 (webtiles) character file.

Game seed: 10608723834970585494

75971 GloriousHammer the Destroyer (level 14, -14/122 HPs)
             Began as a Demigod Fire Elementalist on Sept 6, 2023.
             Killed by miscasting Orb of Destruction (29 damage)
             ... in a Gauntlet on Sept 9, 2023.
             The game lasted 01:27:21 (29526 turns).

GloriousHammer the Destroyer (DgFE)                Turns: 29526, Time: 01:27:22

Health: -14/122    AC: 11    Str:  9    XL:     14   Next: 69%
Magic:  19/31      EV: 19    Int: 25    God:
Gold:   3332       SH:  8    Dex: 22    Spells: 8/31 levels left

rFire   . . .        b - staff of fire
rCold   + + .        x - +2 buckler
rNeg    + . .        H - +0 leather armour {rC+}
rPois   .            c - +2 helmet {SInv}
rElec   .            B - +0 cloak
rCorr   .            V - +2 pair of gloves
SInv    +            u - +0 pair of boots
Will    +....        (no amulet)
Stlth   ++           C - ring of ice
HPRegen 0.40/turn    n - ring of positive energy
MPRegen 0.22/turn

%: no teleportation
@: brilliant, slightly contaminated, hasted, very quick
A: high MP 1, forlorn, divine attributes
a: no special abilities


You were in a Gauntlet.
You visited 2 branches of the dungeon, and saw 16 of its levels.
You also visited: Bailey and Gauntlet.

You collected 3346 gold pieces.
You spent 14 gold pieces at shops.

Inventory:

Hand Weapons
 a - a +2 vampiric falchion
Missiles
 j - 3 atropa-tipped darts
 k - 41 poisoned darts
 A - 5 curare-tipped darts (quivered)
 N - 2 throwing nets
Armour
 c - a +2 helmet of see invisible (worn)
 p - the +2 robe of the Sky {rPois}
   (You found it on level 2 of the Dungeon)

   rPois:     It protects you from poison
 u - a +0 pair of boots (worn)
 x - a +2 buckler (worn)
 B - a +0 cloak (worn)
 H - a +0 leather armour of cold resistance (worn)
 V - a +2 pair of gloves (worn)
Magical Staves
 b - a staff of fire (weapon)
Jewellery
 f - a ring of protection from fire
 n - a ring of positive energy (right hand)
 r - the amulet of Wawiy {Spirit -Tele rPois rC+}
   (You found it in a Gauntlet)

   [amulet of guardian spirit]

   Spirit:    It causes incoming damage to be divided between your reserves of
   health and magic.
   rC+:       It protects you from cold.
   rPois:     It protects you from poison -Tele: It prevents most forms of
   teleportation.
 C - a ring of ice (left hand)
 F - a ring of fire
 P - a ring of poison resistance
 T - a +4 ring of protection
 Z - a ring of wizardry
Wands
 v - a wand of digging (4)
 K - a wand of paralysis (9)
 M - a wand of polymorph (6)
 Q - a wand of quicksilver (8)
 S - a wand of mindburst (9)
Scrolls
 d - 4 scrolls of fog
 g - 2 scrolls of butterflies
 i - a scroll of immolation {unknown}
 l - 2 scrolls of silence
 t - 2 scrolls of revelation
 y - 5 scrolls of teleportation
 z - 2 scrolls of vulnerability {unknown}
 W - 3 scrolls of poison {unknown}
Potions
 e - 2 potions of curing
 h - 2 potions of magic
 m - a potion of attraction {unknown}
 o - 2 potions of brilliance
 q - 6 potions of might
 w - 2 potions of berserk rage {unknown}
 G - 4 potions of enlightenment {unknown}
 L - 4 potions of resistance {unknown}
 R - a potion of invisibility {unknown}
 U - a potion of haste
 X - a potion of mutation {unknown}
Miscellaneous
 I - a phantom mirror (inert)


   Skills:
 + Level 10.8 Fighting
 + Level 8.5 Long Blades
 - Level 1.2 Staves
 + Level 10.9 Dodging
 - Level 1.7 Stealth
 - Level 4.0 Shields
 - Level 9.0 Spellcasting
 + Level 12.1 Conjurations
 - Level 3.0 Hexes
 - Level 3.0 Summonings
 - Level 3.0 Translocations
 - Level 8.0 Fire Magic
 - Level 1.1 Evocations


You had 8 spell levels left.
You knew the following spells:

 Your Spells              Type           Power      Damage    Failure   Level
a - Foxfire               Conj/Fire      100%       2x1d9     1%          1
b - Scorch                Fire           100%       2d9       1%          2
c - Inner Flame           Hex/Fire       72%        N/A       3%          3
d - Volatile Blastmotes   Fire/Tloc      100%       2d18      3%          3
e - Flame Wave            Conj/Fire      95%        2d20      1%          4
f - Summon Guardian Gole  Hex/Summ       39%        N/A       10%         3
g - Orb of Destruction    Conj           41%        9d11      54%         7

Your spell library contained the following spells:

 Spells                   Type           Power      Damage    Failure   Level
 Kiss of Death            Conj/Necr      100%       2d13      1%          1
 Sticky Flame             Conj/Fire      95%        2d10      1%          4
 Confusing Touch          Hex            39%        N/A       10%         3
 Ignite Poison            Fire/Tmut/Pois 53%        N/A       12%         3
 Cause Fear               Hex            19%        N/A       32%         4
 Anguish                  Hex/Necr       14%        N/A       52%         4
 Dispel Undead            Necr           16%        3d10      73%         4
 Spellforged Servitor     Conj/Summ      32%        N/A       99%         7
 Enfeeble                 Hex            19%        N/A       100%        7
 Ignition                 Fire           43%        3d12      100%        8


Dungeon Overview and Level Annotations

Branches:
Dungeon (11/15)            Temple (0/1) D:7            Lair (5/5) D:9
 Shoals (0/4) Lair:3        Snake (0/4) Lair:3        Slime (0/5) Lair:5
 Bailey (visited)         Gauntlet (1/1)
    Orc: D:9-12

Shops:
D:5 *

Annotations:
D:4 3 runed translucent doors, bchevrier's ghost, amateur GnWn
D:5 exclusion: downstairs
D:9 exclusion: obsidian statue
Lair:4 exclusion: orange crystal statue Gauntlet 12 transporters, exclusion: oklob plant


Innate Abilities, Weirdness & Mutations

You have an increased reservoir of magic. (+10% MP)
You shall have no god before yourself.
Your divine heritage dramatically boosts your attributes as you level up.


Message History

The quicksilver ooze barely misses you.
The quicksilver ooze completely misses you.
The quicksilver ooze hits you.
You feel your power leaking away.
Your lungs strain for air!
The quicksilver ooze is no longer more vulnerable to fire.
The quicksilver ooze hits you!! The quicksilver ooze misses you.
You slip free of the ooze engulfing you.
You gasp with relief as air once again reaches your lungs.
The quicksilver ooze hits you. The quicksilver ooze engulfs you!
The quicksilver ooze closely misses you.
You feel yourself speed up.
Your lungs strain for air!
The quicksilver ooze hits you! x2
* * * LOW HITPOINT WARNING * * *
You feel your power leaking away.
You slip free of the ooze engulfing you.
You gasp with relief as air once again reaches your lungs.
The quicksilver ooze attacks as it pursues you!
You block the quicksilver ooze's attack.
The quicksilver ooze closely misses you.
The quicksilver ooze misses you.
You block the quicksilver ooze's attack.
The quicksilver ooze attacks as it pursues you!
You block the quicksilver ooze's attack.
The quicksilver ooze completely misses you.
You see here the amulet of Wawiy {Spirit -Tele rPois rC+}.
r - the amulet of Wawiy {Spirit -Tele rPois rC+} The quicksilver ooze hits you.
The quicksilver ooze engulfs you! The quicksilver ooze hits you.
* * * LOW HITPOINT WARNING * * *
You feel your power leaking away.
You slip free of the ooze engulfing you.
You gasp with relief as air once again reaches your lungs.
You see here a +4 heavy battleaxe.
There is a transporter here.
You enter the transporter and appear at another place.
The quicksilver ooze hits you!!
* * * LOW HITPOINT WARNING * * *
The quicksilver ooze engulfs you!
The quicksilver ooze hits you but does no damage.
Okay, then.
You slip free of the ooze engulfing you.
You gasp with relief as air once again reaches your lungs.
The death scarab's many legs skitter faintly.
The quicksilver ooze attacks as it pursues you!
You block the quicksilver ooze's attack.
The quicksilver ooze hits you but does no damage.
Blink to where?
Press: ? - help, Dir - move target
As you read the scroll of blinking, it crumbles to dust.
The death scarab's many legs skitter faintly.
Aiming: Polymorph
Press: ? - help, Shift-Dir - straight line, f - quicksilver ooze
Aim: a quicksilver ooze (lightly wounded, infinite will)
Okay, then.
Throw: 2 throwing nets
Press: ? - help, Q - select action, (/) - cycle Shift-Dir - straight line, f - quicksilver ooze
Aim: a quicksilver ooze (lightly wounded, 51% to hit, immune to nets)
Okay, then.
Throw: 5 darts (curare)
Press: ? - help, Q - select action, (/) - cycle Shift-Dir - straight line, f - quicksilver ooze
Aim: a quicksilver ooze (lightly wounded, 51% to hit)
Okay, then.
Aiming: Phantom Mirror
Press: ? - help, Dir - move target, f - quicksilver ooze
Aim: a quicksilver ooze (lightly wounded)
You reflect the quicksilver ooze with the mirror!
The mirror clouds!
Your quicksilver ooze misses the quicksilver ooze.
Your quicksilver ooze hits the quicksilver ooze.
Aiming: Mindburst
Press: ? - help, Shift-Dir - straight line, f - you, p - quicksilver ooze
Okay, then.
Aiming: Paralyse
Press: ? - help, Shift-Dir - straight line, f - you, p - quicksilver ooze
Okay, then.
Saving game... please wait.
Level annotation: 12 transporters, exclusion: oklob plant Welcome back, GloriousHammer the Demigod Fire Elementalist.
Press ? for a list of commands and other information.
Okay, then.
Okay, then.
Magic courses through your body.
The quicksilver ooze jiggles.
Cast which spell? (? or * to list)
Okay, then.
Okay, then.
Blink to where?
Press: ? - help, Dir - move target
As you read the scroll of blinking, it crumbles to dust.
You feel clever all of a sudden.
Cast which spell? (? or * to list)
Aiming: Orb of Destruction (quite dangerous; 54% risk of failure)
Press: ? - help, Shift-Dir - straight line, f - quicksilver ooze
Aim: a quicksilver ooze (lightly wounded)
You feel a surge of power!
You miscast Orb of Destruction.
You are lightly contaminated with residual magic.
A wave of violent energy washes through your body!!
You die...

#........^#.#.#.#.#.#.#.#.#.#.#.#
#9..^.....#.#..#.#.#..#.#.##.##.#
#9....^...#.#.#.#.#.#.#.#..###.##
#Y.[?©[..^#.#J.).©|=..#.#BB...##©
###########.###########.#########
.......................§.........
......................≈§§........
#################################
8# #8# #8# #8##§@.....§J.J.....≈#
## ### ### ####8§.©.©.©.©.©J©..8#
#≈...............≈#
#####.###.###.##### #.# #.# #.# .
. .. .. . . ##.## #. .# #. .


You could see a quicksilver ooze.

Vanquished Creatures
  A very ugly thing (D:10)
  2 dire elephants
  2 vault guards (Bailey)
  An ice dragon (D:10)
  A catoblepas (Lair:5)
  2 hydras
  A centaur warrior (D:10)
  A boulder beetle (Lair:3)
  The ghost of bobo the Fighter, a novice BaHs of Okawaru (D:10)
  11 death yaks (Lair:5)
  A deep troll shaman (Lair:5)
  2 two-headed ogres (D:10)
  A deep elf knight (D:10)
  Urug (Lair:2)
  A skyshark (Lair:5)
  A spectral wolf spider (D:10)
  A deep elf pyromancer (D:10)
  Pikel (D:5)
  A lindwurm (Lair:4)
  An ugly thing (D:10)
  A salamander (Lair:3)
  A manticore (D:10)
  3 spectral centaurs (D:10)
  48 elephants
  An ice statue (Gauntlet)
  A centaur zombie (D:10)
  10 black mambas
  A water nymph (Lair:3)
  10 cane toads
  A gargoyle (D:10)
  A yaktaur (D:10)
  5 rime drakes
  An unseen horror (D:10)
  11 komodo dragons
  A polar bear (Lair:1)
  15 blink frogs
  A hornet (D:9)
  Prince Ribbit (Bailey)
  A slime creature (D:10)
  4 dream sheep (Lair:5)
  A spriggan (Lair:2)
  66 yaks
  3 wyverns
  A wraith (D:10)
  12 humans
  3 basilisks
  2 swamp worms (Gauntlet)
  2 acid dragons
  15 water moccasins
  4 orc warriors
  3 ice beasts
  3 sky beasts
  2 black bears
  2 centaurs
  An ogre (shapeshifter) (D:10)
  4 ogres
  14 wolves
  3 phantoms
  6 kobold brigands
  26 bullfrogs
  A scorpion (D:5)
  9 wights
  5 killer bees (D:10)
  9 howler monkeys
  An electric eel (D:8)
  2 lava snakes (Lair:3)
  A jelly (D:5)
  10 orc priests
  2 gnoll boudas
  7 hounds
  Jessica (D:3)
  5 iguanas
  Natasha (D:4)
  15 orc wizards
  3 centaur simulacra (D:10)
  7 gnolls
  4 adders
  A white imp (D:8)
  2 dart slugs (D:1)
  38 orcs
  6 bats
  12 endoplasms
  8 giant cockroaches
  7 hobgoblins
  27 kobolds
  5 quokkas
  7 ball pythons
  4 frilled lizards
  11 goblins
  2 goblin zombies (D:10)
  4 rats
542 creatures vanquished.

Vanquished Creatures (collateral kills)
  4 foxfires
4 creatures vanquished.

Vanquished Creatures (others)
  A boulder beetle (Lair:1)
  713 foxfires
714 creatures vanquished.

Grand Total: 1260 creatures vanquished

Notes
Turn   | Place    | Note
-------+----------+-------------------------------------------
     0 | D:1      | GloriousHammer the Demigod Fire Elementalist began the
                  | quest for the Orb.
     0 | D:1      | Reached XP level 1. HP: 14/14 MP: 5/5
     2 | D:1      | Noticed a gargoyle
     2 | D:1      | Noticed a ghoul
     4 | D:1      | Noticed a draconian
     4 | D:1      | Noticed a vampire
     6 | D:1      | Noticed a human
     6 | D:1      | Noticed an octopode
     8 | D:1      | Noticed a formicid
     8 | D:1      | Noticed a felid
    10 | D:1      | Noticed a demonspawn
    12 | D:1      | Noticed an armataur
    12 | D:1      | Noticed a vine stalker
    14 | D:1      | Noticed a tengu
    16 | D:1      | Noticed a minotaur
    16 | D:1      | Noticed an ogre
    18 | D:1      | Noticed a naga
    18 | D:1      | Noticed an elf
    20 | D:1      | Noticed a troll
    20 | D:1      | Noticed a demigod
    22 | D:1      | Noticed a merfolk
    24 | D:1      | Noticed a spriggan
    24 | D:1      | Noticed a spriggan
    26 | D:1      | Noticed a felid
    26 | D:1      | Noticed a vine stalker
   169 | D:1      | Reached skill level 1 in Conjurations
   427 | D:1      | Reached XP level 2. HP: 20/20 MP: 2/7
  1186 | D:2      | Identified the +2 robe of the Sky {rPois}
  1203 | D:2      | Reached XP level 3. HP: 26/26 MP: 3/9
  1518 | D:2      | Learned a level 2 spell: Scorch
  1522 | D:2      | Learned a level 3 spell: Inner Flame
  1942 | D:3      | Noticed Jessica
  1947 | D:3      | Killed Jessica
  1948 | D:3      | Reached skill level 2 in Conjurations
  1951 | D:3      | Reached XP level 4. HP: 33/33 MP: 0/10
  2553 | D:3      | Reached skill level 1 in Hexes
  2728 | D:3      | Reached skill level 1 in Staves
  2728 | D:3      | Reached skill level 1 in Evocations
  2728 | D:3      | Reached XP level 5. HP: 36/38 MP: 3/12
  2935 | D:3      | Learned a level 3 spell: Volatile Blastmotes
  3408 | D:4      | Noticed Natasha
  3411 | D:4      | Killed Natasha
  3617 | D:4      | Noticed a black bear
  3623 | D:4      | Killed a black bear
  3624 | D:4      | Reached XP level 6. HP: 45/45 MP: 6/13
  3756 | D:4      | Noticed a water moccasin
  3760 | D:4      | Killed a water moccasin
  3761 | D:4      | Reached skill level 1 in Long Blades
  3761 | D:4      | Reached skill level 1 in Translocations
  3861 | D:4      | Reached skill level 3 in Conjurations
  4076 | D:4      | Found a runed translucent gate.
  4078 | D:4      | Found a runed translucent gate.
  4079 | D:4      | Found a runed translucent gate.
  4081 | D:4      | Noticed bchevrier's ghost (amateur GnWn)
  4118 | D:4      | Reached XP level 7. HP: 44/50 MP: 6/15
  4568 | D:5      | Entered Level 5 of the Dungeon
  4766 | D:5      | Noticed Pikel
  4787 | D:5      | Killed Pikel
  4788 | D:5      | Reached skill level 4 in Conjurations
  4924 | D:5      | Reached XP level 8. HP: 50/57 MP: 12/17
  5500 | D:5      | Found Acigastra's General Store.
  5524 | D:5      | Bought a potion of degeneration for 14 gold pieces
  5564 | D:5      | Reached skill level 5 in Fire Magic
  5950 | D:5      | Learned a level 4 spell: Flame Wave
  6325 | D:6      | Reached skill level 1 in Shields
  6825 | D:6      | Reached skill level 5 in Conjurations
  6851 | D:6      | Reached XP level 9. HP: 38/62 MP: 3/20
  7159 | D:6      | Reached skill level 5 in Spellcasting
  7273 | D:6      | Found the +6 shillelagh "Devastator" {shatter}
  8479 | D:7      | Reached skill level 1 in Fighting
  8492 | D:7      | Found a flagged portal.
  8502 | Bailey   | Entered a bailey
  9021 | Bailey   | Reached skill level 6 in Conjurations
  9233 | Bailey   | Reached XP level 10. HP: 73/73 MP: 9/22
  9241 | Bailey   | Noticed Prince Ribbit
  9388 | Bailey   | Noticed a vault guard
  9423 | Bailey   | Killed Prince Ribbit
  9492 | Bailey   | Killed a vault guard
  9654 | Bailey   | Noticed a vault guard
  9672 | Bailey   | Killed a vault guard
  9879 | D:7      | Found a staircase to the Ecumenical Temple.
 10040 | D:7      | Identified the +6 scale mail of Honour {Int+2}
 10755 | D:7      | Learned a level 3 spell: Summon Guardian Golem
 11030 | D:8      | Identified 2 scrolls of acquirement
 11117 | D:7      | Acquired 977 gold pieces
 11118 | D:7      | Acquired the +1 hat "Umaguam" {SInv}
 11313 | D:8      | Reached skill level 1 in Summonings
 12292 | D:9      | Noticed an obsidian statue
 12345 | D:9      | Identified the +5 short sword of Awkwardness {flame, Int+5}
 12412 | D:9      | Reached skill level 7 in Conjurations
 12722 | D:9      | Reached XP level 11. HP: 84/84 MP: 14/25
 13060 | D:9      | Found a staircase to the Lair.
 13287 | Lair:1   | Entered Level 1 of the Lair of Beasts
 13403 | Lair:1   | Noticed a boulder beetle
 13409 | Lair:1   | Reached skill level 5 in Dodging
 13451 | Lair:1   | Reached skill level 5 in Fighting
 14281 | Lair:1   | Reached skill level 8 in Conjurations
 14410 | Lair:1   | Killed a boulder beetle
 15342 | Lair:1   | Upgraded the game from 0.31-a0-691-g409c26aa35 to
                  | 0.31-a0-700-gf13585253f
 15368 | Lair:2   | Learned a level 7 spell: Orb of Destruction
 15912 | Lair:2   | Reached XP level 12. HP: 68/96 MP: 2/28
 16242 | Lair:2   | Noticed Urug
 16260 | Lair:2   | Killed Urug
 16381 | Lair:2   | Noticed a five-headed hydra
 16571 | Lair:2   | Killed a five-headed hydra
 16572 | Lair:2   | Reached skill level 9 in Conjurations
 17996 | Lair:2   | Noticed a dire elephant
 18574 | Lair:2   | Killed a dire elephant
 18819 | Lair:3   | Noticed a boulder beetle
 18844 | Lair:3   | Killed a boulder beetle
 19274 | Lair:3   | Reached XP level 13. HP: 88/107 MP: 25/30
 19284 | Lair:3   | Found a staircase to the Snake Pit.
 19399 | Lair:3   | Reached skill level 10 in Conjurations
 19776 | Lair:3   | Reached skill level 5 in Long Blades
 21056 | Lair:4   | Upgraded the game from 0.31-a0-700-gf13585253f to
                  | 0.31-a0-702-gf82c85558f
 22048 | Lair:5   | Entered Level 5 of the Lair of Beasts
 22846 | Lair:5   | Acquired 1308 gold pieces
 23132 | Lair:5   | Reached skill level 11 in Conjurations
 23312 | Lair:5   | Reached XP level 14. HP: 96/119 MP: 17/31
 23333 | Lair:4   | Reached skill level 10 in Dodging
 23544 | Lair:5   | Found a staircase to the Slime Pits.
 23935 | Lair:5   | Reached skill level 10 in Fighting
 25362 | Lair:5   | Identified the +2 robe of Leapfrog {Str+3 Stlth- Archmagi}
 25548 | D:10     | Entered Level 10 of the Dungeon
 25850 | D:10     | Found a runed translucent door.
 27329 | D:10     | Found a runed translucent gate.
 27330 | D:10     | Found a runed translucent gate.
 27331 | D:10     | Found a runed translucent gate.
 27338 | D:10     | Noticed bobo's ghost (novice BaHs)
 27981 | D:10     | Reached skill level 12 in Conjurations
 27984 | D:10     | Killed bobo's ghost
 27991 | D:10     | Identified the ring of Erifal {Ice rPois Str-4 Int-3
                  | Stlth+}
 28142 | D:11     | HP: 3/122 [efreet/bolt of fire (13)]
 28263 | D:11     | Found a gate leading to a gauntlet.
 28279 | Gauntlet | Entered a Gauntlet
 28279 | Gauntlet | Found a transporter.
 28413 | Gauntlet | Found a transporter.
 28428 | Gauntlet | Found a transporter.
 28433 | Gauntlet | Found a transporter.
 28453 | Gauntlet | Found a transporter.
 28467 | Gauntlet | Found a transporter.
 28476 | Gauntlet | Found a transporter.
 28491 | Gauntlet | Found a transporter.
 28503 | Gauntlet | Found a transporter.
 28515 | Gauntlet | Found a transporter.
 28534 | Gauntlet | Found a transporter.
 28549 | Gauntlet | Found a transporter.
 28551 | Gauntlet | Found a transporter.
 28578 | Gauntlet | Found a transporter.
 28578 | Gauntlet | Found a transporter.
 28598 | Gauntlet | Found a transporter.
 28676 | Gauntlet | Found a transporter.
 28693 | Gauntlet | Found the necklace of Bloodlust {Fury *Rage Will++ Int-3
                  | Slay+6}
 28696 | Gauntlet | Found a transporter.
 28924 | Gauntlet | Upgraded the game from 0.31-a0-702-gf82c85558f to
                  | 0.31-a0-703-gcfe89afef6
 29515 | Gauntlet | Identified the amulet of Wawiy {Spirit -Tele rPois rC+}
 29526 | Gauntlet | Killed by miscasting Orb of Destruction

Illustrated notes

Levels and vault maps discovered:
D:1:      kb_arrival_jail, layout_rooms,
          shapermc_ecumenical_altar_mp_ritualfount, solitary_fountain,
          chequers_serial_rivers_room_a
D:2:      layout_basic, basic_altar
D:3:      layout_basic, uniq_jessica
D:4:      kennysheep_six_static_rooms, layout_loops_ring,
          gammafunk_ghost_nasty_kobolds, minivault_27, uniq_natasha
D:5:      layout_loops_cross, lemuel_tele_altar, serial_shops, shop, uniq_pikel
D:6:      layout_basic, nicolae_ru_great_annihilating_truth, minivault_1,
          dilly_guarded_unrand_devastator
D:7:      layout_basic, minmay_temple_entry_trees, enter_bailey_3,
          minmay_ruffians
D:8:      layout_basic, kennysheep_dice
D:9:      layout_long_grid, lair_entry_dummy, minmay_statue_bubble
D:10:     minmay_sliced_demisemicircle, layout_basic, dk_yredelemnul_ordeal,
          gammafunk_ghost_necromancy
D:11:     layout_cave_pools, gauntlet_entry_generic, minmay_misc_feat_pillars
Lair:1:   layout_regular_city, nzn_random_ring, grunt_megastairs_1
Lair:2:   mu_elephants_graveyard, layout_chaotic_city, serial_bayou_shore_b,
          uniq_urug
Lair:3:   layout_cellular_growth, nicolae_shoals_entry_flooding,
          nicolae_snake_entry_warm_welcome
Lair:4:   layout_gridlike, disabler_island
Lair:5:   grunt_lair_end_beastmaster, layout_long_grid, dpeg_slime_entry_corner,
          chequers_serial_rivers_micro_b, lemuel_fruit_tree
Gauntlet: gammafunk_gauntlet_one_two_three [gammafunk_gauntlet_arena_teeth,
          nicolae_gauntlet_arena_t_cross, gammafunk_gauntlet_arena_corners,
          gammafunk_gauntlet_arena_split_x, gammafunk_gauntlet_arena_open,
          gammafunk_gauntlet_arena_grid, gammafunk_gauntlet_arena_spirals,
          nicolae_gauntlet_arena_quarters, gammafunk_gauntlet_arena_chambers,
          gauntlet_exit_watery]

Skill      XL: |  1  2  3  4  5  6  7  8  9 10 11 12 13 14 |
---------------+-------------------------------------------+-----
Conjurations   | 1 2 3 4 5 6 7 8 9 11 12 | 12.1
Spellcasting   | 2 3 4 5 6 7 9 |  9.0
Fire Magic     | 3 4 5 6 7 8 |  8.0
Hexes          | 1 2 3 |  3.0
Staves         | 1 |  1.2
Evocations     | 1 |  1.1
Long Blades    | 1 2 4 7 8 |  8.5
Translocations | 1 2 3 |  3.0
Shields        | 2 3 4 |  4.0
Dodging        | 3 4 6 8 9 10 | 10.9
Fighting       | 2 4 6 8 9 10 | 10.8
Summonings     | 2 3 |  3.0
Stealth        | |  1.7

Action                     |  1- 3 |  4- 6 |  7- 9 | 10-12 | 13-15 || total
---------------------------+-------+-------+-------+-------+-------++-------
  Melee: Unarmed           |     3 |       |       |       |       ||     3
         Staff             |    15 |    19 |    14 |    12 |    36 ||    96
         Punch             |       |     1 |       |       |       ||     1
         Falchion          |       |       |    44 |   121 |   236 ||   401
         Short sword       |       |       |       |     8 |       ||     8
  Throw: Dart              |       |       |       |    39 |     2 ||    41
   Cast: Foxfire           |    64 |    52 |   101 |   166 |    46 ||   429
         Scorch            |     7 |    33 |   100 |   217 |   171 ||   528
         Inner Flame       |       |     1 |     2 |       |       ||     3
         Volatile Blastmot |       |       |    18 |     7 |       ||    25
         Flame Wave        |       |       |       |    53 |    78 ||   131
         Summon Guardian G |       |       |       |     1 |       ||     1
         Orb of Destructio |       |       |       |     1 |     1 ||     2
  Evoke: Wand              |       |       |       |     7 |       ||     7
         Phantom mirror    |       |       |       |       |     1 ||     1
    Use: Scroll            |       |       |     8 |    17 |    13 ||    38
         Potion            |       |       |     3 |     4 |     6 ||    13
   Stab: Sleeping          |     1 |       |       |       |     1 ||     2
         Fleeing           |       |       |       |     1 |       ||     1
         Paralysed         |       |       |       |     3 |       ||     3
 Armour: Robe              |     3 |    30 |   118 |   227 |   310 ||   688
         Leather armour    |     9 |       |       |       |    20 ||    29
  Dodge: Dodged            |    21 |    21 |    84 |   354 |   426 ||   906
  Block: Buckler           |       |       |    25 |   126 |   213 ||   364

Table legend: (Time is in decaauts)
 A = Elapsed time spent in this place.
 B = Non-inter-level travel time spent in this place.
 C = Inter-level travel time spent in this place.
 D = Time resting spent in this place.
 E = Time spent auto-exploring this place.
 F = Levels seen in this place.
 G = Mean time per level.
                   A        B        C        D        E       F      G
               +--------+--------+--------+--------+--------+-----+--------+
         Total |  29564 |  28513 |   1051 |   7011 |  16007 |  18 | 1642.4 |
       Dungeon |  14703 |  14050 |    653 |   1774 |   9987 |  11 | 1336.6 |
          Lair |  12302 |  11905 |    397 |   4057 |   5272 |   5 | 2460.4 |
        Bailey |   1317 |   1317 |      0 |    644 |    335 |   1 | 1317.0 |
      Gauntlet |   1240 |   1240 |      0 |    535 |    413 |   1 | 1240.0 |
               +--------+--------+--------+--------+--------+-----+--------+

Top non-repeatable levels by time:
  Lair:1: 3152 daAuts
  Lair:5: 2916 daAuts
  Lair:2: 2595 daAuts
    D:10: 2556 daAuts
     D:6: 2170 daAuts
  Lair:3: 1954 daAuts
  Lair:4: 1683 daAuts
     D:5: 1534 daAuts
     D:4: 1498 daAuts
  Bailey: 1317 daAuts
     D:3: 1289 daAuts
Gauntlet: 1240 daAuts
     D:2: 1235 daAuts
     D:8: 1224 daAuts
     D:9: 1221 daAuts
